[Event "Late-Titled-Tuesday-Blitz-May-14-2024"]
[Site "Chess.com"]
[Date "2024.05.14"]
[Round "10"]
[White "FLamps8"]
[Black "Aygehovit1992"]
[Result "0-1"]
[WhiteElo "2707"]
[BlackElo "2842"]
[TimeControl "180+1"]
[EndTime "15:54:53 PDT"]
[Termination "Aygehovit1992 won by resignation"]

1. d4 Nf6 2. Nc3 d5 3. Bf4 g6 4. e3 Bg7 5. Nb5 Na6 6. h3 c6 7. Nc3 Nb8 8. Nf3 Bf5 9. Bd3 Bxd3 10. cxd3 O-O 11. O-O Nbd7 12. b4 Re8 13. Rc1 Nh5 14. Bh2 e5 15. dxe5 Nxe5 16. Nxe5 Bxe5 17. Bxe5 Rxe5 18. d4 Re6 19. b5 Qa5 20. Qb3 Rc8 21. Nxd5 Kg7 22. Nc3 Nf6 23. Na4 b6 24. Nb2 h5 25. a4 c5 26. Nc4 Qb4 27. Qxb4 cxb4 28. Ne5 Rxc1 29. Rxc1 Nd5 30. Nc6 Nc3 31. Kf1 a5 32. Ke1 Nxa4 33. d5 Rd6 34. e4 Nc3 35.
f3 Nxb5 36. Ne5 b3 37. Nc4 a4 38. Nxd6 Nxd6 39. Kd2 b2 40. Rb1 a3 41. Kc3 b5 42.
Kb3 Nc4 43. Rd1 Kf8 44. d6 Ke8 45. d7+ Kd8 46. f4 Nd2+ 47. Kxa3 b1=Q 48. Rxb1 Nxb1+ 49.
Kb4 Kxd7 50. Kxb5 Nc3+ 51. Kc4 Nxe4 52. Kd4 f5 53. g4 Ke6 54. gxh5 gxh5 0-1

[Event "Late-Titled-Tuesday-Blitz-May-14-2024"]
[Site "Chess.com"]
[Date "2024.05.14"]
[Round "10"]
[White "dropstoneDP"]
[Black "temus_galaktionov"]
[Result "0-1"]
[WhiteElo "2949"]
[BlackElo "2874"]
[TimeControl "180+1"]
[EndTime "15:54:56 PDT"]
[Termination "temus_galaktionov won on time"]

1. e4 c6 2. Nc3 g6 3. d4 Bg7 4.
Nf3 d6 5. a4 Nd7 6. Bc4 e5 7. dxe5 dxe5 8. O-O Ngf6 9. b3 Qa5 10.
Qe1 Nb6 11. Bd3 Bf8 12. Nd5 Qxe1 13. Nxf6+ Ke7 14. Rxe1 Kxf6 15. Bg5+ Kg7 16. Nxe5 f6 17. a5 fxg5 18. axb6 Bc5 19. bxa7 Rxa7 20. Rxa7 Bxa7 21. Nc4 Rd8 22. e5 Kf8 23. Nd6 Bc5 24. Nxc8 Rxc8 25.
g3 Re8 26. Kg2 g4 27. h3 gxh3+ 28. Kxh3 Bd4 29. f4 Ra8 30. g4 Ra5 31. g5 Ra1 32.
Rxa1 Bxa1 33. Kg4 Bc3 34. Kf3 b5 35. Be4 c5 36. Bd3 b4 37. Ke4 Bd4 38. Bc4 Bc3 39. Kd5 Bd4 40. Bd3 Ke7 41. f5 gxf5 42. Bxf5 Be3 43.
Bxh7 Bxg5 44. Kxc5 Bd2 45. c4 bxc3 46. Kd5 Kd7 47. Bc2 Kc7 48. b4 Kb6 49. e6 Bg5 50.
Kc4 Bf6 51. Be4 Kc7 52. Kd5 Kb6 53. Kc4 Kc7 54. Kb3 Kd6 55. Bf5 Kd5 56. Bh3 Kd6 57. Kc2 Kd5 0-1

[Event "Late-Titled-Tuesday-Blitz-May-14-2024"]
[Site "Chess.com"]
[Date "2024.05.14"]
[Round "10"]
[White "The_Straightforward_Rook"]
[Black "jcmesafischer"]
[Result "1-0"]
[WhiteElo "2496"]
[BlackElo "2324"]
[TimeControl "180+1"]
[EndTime "15:54:56 PDT"]
[Termination "The_Straightforward_Rook won by checkmate"]

1. d4 Nf6 2. c4 e6 3. Nf3 Bb4+ 4.
Nbd2 O-O 5. a3 Bxd2+ 6. Qxd2 d6 7. b3 b6 8. Bb2 Bb7 9. g4 c5 10. g5 Ne4 11. Qe3 d5 12. O-O-O cxd4 13. Qxd4 f6 14. gxf6 Nc6 15. Qe3 Rxf6 16. cxd5 exd5 17. Rg1 Na5 18. Kb1 Qe7 19. Bh3 Re8 20. Ka2 Qf7 21. Ne5 Rxe5 22.
Bxe5 g6 23. f3 Nc5 24. Bxf6 Qxf6 25. b4 Nc4 26. Qd4 Qxd4 27. Rxd4 Na4 28. Be6+ Kg7 29.
Bxd5 Bxd5 30. Rxd5 Nc3+ 31. Kb3 Nxd5 32. Kxc4 Nf4 33.
e3 Ne6 34. Kd5 Kf6 35. Rc1 Ke7 36. f4 Kd7 37. h4 Ng7 38. e4 Ne8 39. e5 Ng7 40.
Rh1 Ne6 41. Ke4 Nc7 42. h5 Nb5 43. hxg6 hxg6 44. Rg1 Nxa3 45. Rxg6 Nc2 46. Rg7+ Ke8 47. Rxa7 Nxb4 48. Rb7 Nc6 49. Rxb6 Ne7 50. f5 Ng8 51. f6 Kf7 52. Rb7+ Kf8 53. Rg7 Nh6 54. e6 Nf7 55. Rxf7+ Kg8 56. Ra7 Kh8 57. Kf5 Kg8 58. Kg6 Kh8 59. Ra8# 1-0

[Event "Late-Titled-Tuesday-Blitz-May-14-2024"]
[Site "Chess.com"]
[Date "2024.05.14"]
[Round "10"]
[White "Godzillator"]
[Black "ClauAmura"]
[Result "0-1"]
[WhiteElo "2418"]
[BlackElo "2371"]
[TimeControl "180+1"]
[EndTime "15:54:56 PDT"]
[Termination "ClauAmura won by resignation"]

1. c3 d5 2. d4 c6 3. Nf3 Bg4 4. Ne5 Bf5 5. Bf4 Nd7 6. e3 e6 7. Nd2 Nxe5 8. Bxe5 Nf6 9. Be2 Bd6 10. Bg3 Ne4 11. Nxe4 Bxe4 12. f3 Bxg3+ 13. hxg3 Bg6 14. Kf2 h5 15. Bd3 Bxd3 16. Qxd3 h4 17. gxh4 Rxh4 18.
g3 Rxh1 19. Rxh1 Kd7 20. Rh7 Qf6 21. c4 g6 22. cxd5 exd5 23. e4 dxe4 24. Qxe4 Rh8 25.
Rxh8 Qxh8 26. Kg2 Qf6 27. f4 Qd6 28. Kf3 Qb4 29. d5 Qxb2 30. dxc6+ bxc6 31. Qd3+ Kc7 32. Qc4 Qf6 33. Qc5 Kb7 34. Qb4+ Ka8 35. Qf8+ Kb7 36. Qb4+ Kc7 37. Qa5+ Kb8 38. Qb4+ Kc8 39. Qf8+ Kd7 40. Qa3 Qd4 41. Kg4 Qd1+ 42. Kg5 Qh5+ 43. Kf6 Qf5+ 44. Kg7 a5 45. Kf8 Kc7 46. Qe7+ Kb6 47. Qxf7 Qxf7+ 48. Kxf7 c5 49. Kxg6 c4 50. f5 c3 51. f6 c2 52. f7 c1=Q 53. f8=Q Qc2+ 54. Qf5 Qxa2 55. g4 a4 56. g5 a3 57. Qf6+ Kb5 58. Qe5+ Kb4 59. Qb8+ Kc3 60. Qe5+ Kc2 61. Qe2+ Kb1 62. Qd1+ Kb2 63. Kf6 Qb1 64. Qxb1+ Kxb1 65. g6 a2 66. g7 a1=Q+ 67. Kf7 Qa7+ 68. Kf8 Qb8+ 69. Kf7 Qc7+ 70. Kf8 Qd8+ 71. Kf7 Qd7+ 72. Kf8 Qf5+ 73.
Ke7 Qg6 74. Kf8 Qf6+ 0-1

[Event "Late-Titled-Tuesday-Blitz-May-14-2024"]
[Site "Chess.com"]
[Date "2024.05.14"]
[Round "10"]
[White "merinasian"]
[Black "ritanovikova"]
[Result "1-0"]
[WhiteElo "2490"]
[BlackElo "2165"]
[TimeControl "180+1"]
[EndTime "15:54:56 PDT"]
[Termination "merinasian won by resignation"]

1. d4 Nf6 2. Nf3 g6 3. Bf4 Bg7 4. e3 d6 5. Be2 O-O 6. h3 Re8 7. O-O Nbd7 8. c4 e5 9. Bh2 e4 10.
Nfd2 d5 11. cxd5 Nxd5 12. Nc3 Nxc3 13. bxc3 f5 14. Nc4 Nb6 15. Ne5 Be6 16. Qc2 Nd7 17.
Nxd7 Qxd7 18. c4 c6 19. Rab1 Bf8 20. Rfd1 Rac8 21. Qa4 b6 22. Qa6 Re7 23. d5 cxd5 24. cxd5 Bf7 25. d6 Ree8 26. Bb5 Qe6 27. d7 Red8 28.
dxc8=Q Qxc8 29. Qxc8 Rxc8 30. a4 Kg7 31. Rd7 Kg8 32.
Rxa7 Bb4 33. Bc7 Ba5 34. Rd1 Kg7 35. Rd7 Kh6 36. Bf4+ g5 37. Rxf7 gxf4 38. Rxh7+ Kg6 39. exf4 Rc1+ 40. Kh2 Bd2 41. g3 e3 42. fxe3 Bxe3 43.
Be8+ Kf6 44. Rhf7+ Ke6 45. Rfe7+ Kd6 46. Rxe3 Rc2+ 47.
Kg1 Rc1+ 48. Kf2 Rc2+ 49. Re2 Rc3 50. h4 Rc4 51. h5 Rc7 52. Rxc7 1-0

[Event "Late-Titled-Tuesday-Blitz-May-14-2024"]
[Site "Chess.com"]
[Date "2024.05.14"]
[Round "10"]
[White "NateSolon"]
[Black "DishonorOnYourCow"]
[Result "0-1"]
[WhiteElo "2648"]
[BlackElo "2554"]
[TimeControl "180+1"]
[EndTime "15:54:57 PDT"]
[Termination "DishonorOnYourCow won by resignation"]

1. d4 Nf6 2. Bf4 g6 3. Nf3 Bg7 4. c3 d5 5. Nbd2 O-O 6. e3 c5 7.
dxc5 Nfd7 8. Nb3 e5 9. Bg5 Qe8 10. Qxd5 e4 11. Nfd4 Ne5 12. Qxe4 Nbc6 13. Be2 a5 14. a4 f5 15. Qd5+ Kh8 16. h4 Nxd4 17.
Nxd4 Bd7 18. h5 Bc6 19. Nxc6 bxc6 20. Qd1 Nf7 21. Bf4 g5 22. Bh2 f4 23. exf4 Rd8 24. Qc2 gxf4 25. Bxf4 Ne5 26. Be3 Qf7 27. Rd1 Rxd1+ 28.
Qxd1 Re8 29. O-O Bf6 30. Bd4 Qg7 31. g3 Rd8 32. Qc2 Nf7 33. Bxf6 Qxf6 34. Rd1 Re8 35. Kg2 Qe5 36. Bf3 Ng5 37. Rd3 Qxc5 38. Qd2 Rf8 39.
Bd1 Qf5 40. f4 Qh3+ 41. Kg1 Ne4 42. Qg2 Qf5 43. Re3 Nf6 44. Bc2 Qc5 45. Qe2 Ng4 46. Qxg4 Qxe3+ 47. Kg2 Qd2+ 48. Kh3 Qxc2 49. h6 Qf5 0-1

[Event "Late-Titled-Tuesday-Blitz-May-14-2024"]
[Site "Chess.com"]
[Date "2024.05.14"]
[Round "10"]
[White "nitpicker"]
[Black "Zq1"]
[Result "0-1"]
[WhiteElo "2311"]
[BlackElo "2579"]
[TimeControl "180+1"]
[EndTime "15:54:57 PDT"]
[Termination "Zq1 won by resignation"]

1. d4 Nf6 2. c4 a6 3. e3 e6 4.
a3 c5 5. Nf3 d5 6. cxd5 exd5 7.
Nc3 Nc6 8. Be2 c4 9. O-O b5 10. Ne5 Bb7 11. f4 Bd6 12. Bf3 Ne7 13. g4 O-O 14.
Qc2 Rb8 15. g5 Ne8 16. Qg2 Bxe5 17. fxe5 Bc6 18. Bd2 g6 19. Be1 Ng7 20. Rd1 a5 21. e4 dxe4 22. Bxe4 b4 23. Bxc6 bxc3 24. bxc3 Ngf5 25. Be4 Ne3 26. Qf3 Nxd1 27. Qxd1 Rb2 28. d5 Qd7 29. Qf3 Nf5 30. Bf2 Re8 31. Qf4 Re2 32. Bxf5 Qxf5 33. Qxf5 gxf5 34. Bd4 Rb8 35. d6 Rbb2 36. Rf2 Rxf2 37. Bxf2 Kf8 38. Kg2 Re2 39. Kf3 Rxe5 40. Bg3 Re4 41. Bf2 Ke8 42. Bb6 a4 43. Bc5 Kd7 44. Bb4 Rg4 45. Kf2 Rxg5 46. Kf3 Rg4 47. Kf2 Re4 48. Kf3 Ke6 49. Kf2 Re5 50.
Kf3 h5 51. Kf4 f6 52. Kf3 Rd5 53. Kf4 Rd3 54. h4 Rh3 55. Bc5 Rxh4+ 56. Kf3 Re4 57.
Bb4 h4 0-1

[Event "Late-Titled-Tuesday-Blitz-May-14-2024"]
[Site "Chess.com"]
[Date "2024.05.14"]
[Round "10"]
[White "DrVelja"]
[Black "ChristopherYoo"]
[Result "0-1"]
[WhiteElo "2915"]
[BlackElo "3016"]
[TimeControl "180+1"]
[EndTime "15:55:00 PDT"]
[Termination "ChristopherYoo won by resignation"]

1. e4 e5 2. Nf3 Nc6 3. Bb5 a6 4. Ba4 Nge7 5. Nc3 Ng6 6. O-O Bc5 7. Nd5 O-O 8. c3 d6 9. d4 Ba7 10. h3 b5 11. Bc2 Bb7 12. Bg5 f6 13. Be3 Nce7 14. Nxe7+ Qxe7 15. Re1 c5 16. a4 b4 17.
dxc5 Bxc5 18. Bb3+ Kh8 19. Bxc5 dxc5 20. Bd5 Bxd5 21.
Qxd5 Nf4 22. Qc4 Qf7 23. Qxf7 Rxf7 24. Red1 bxc3 25. bxc3 Ne2+ 26. Kf1 Nxc3 27. Re1 Rb7 28. Ra3 Nb1 29. Ra1 Rab8 30. Rc1 Rb4 31. Rxc5 Rxe4 32.
a5 Reb4 33. Rc6 e4 34. Ne1 Nd2+ 35. Ke2 Nb3 36. Rd1 Nd4+ 37. Rxd4 Rxd4 38. Rxa6 h6 39. Ke3 Ra4 40. Rb6 Rxb6 41. axb6 Rb4 42. Nc2 Rxb6 43. Kxe4 Rb2 44. Kd3 Kh7 45. f4 Kg6 46. Ne3 Kh5 47. Ke4 Rb3 48. Kf3 f5 49. g4+ fxg4+ 50. hxg4+ Kh4 51. Kf2 Rxe3 52. Kxe3 Kxg4 53. Ke4 h5 54. f5 h4 55. f6 gxf6 0-1

[Event "Late-Titled-Tuesday-Blitz-May-14-2024"]
[Site "Chess.com"]
[Date "2024.05.14"]
[Round "10"]
[White "ShahMatKanal"]
[Black "imdvb6307"]
[Result "0-1"]
[WhiteElo "2387"]
[BlackElo "2529"]
[TimeControl "180+1"]
[EndTime "15:55:01 PDT"]
[Termination "imdvb6307 won on time"]

1. d4 d5 2. c4 c6 3. Nf3 Nf6 4.
Nc3 e6 5. cxd5 exd5 6. Bg5 Be7 7. e3 O-O 8. Qc2 Nh5 9. Bxe7 Qxe7 10. O-O-O a5 11.
Bd3 g6 12. e4 Nf4 13. exd5 Nxd3+ 14. Qxd3 Bf5 15. Qe3 Qxe3+ 16. fxe3 cxd5 17. Nxd5 Rc8+ 18. Kd2 Rc2+ 19. Ke1 Rxb2 20. Ne7+ Kf8 21. Nxf5 gxf5 22. Rd2 Rb1+ 23. Rd1 Rb2 24. Rd2 Rb1+ 25. Rd1 Rxd1+ 26.
Kxd1 Nc6 27. Rf1 Re8 28. Kd2 Re4 29. g3 Nb4 30. Rb1 Re7 31. a3 Nd5 32. Rb3 a4 33.
Rd3 b5 34. Nh4 Ra7 35. Kc1 b4 36. Kb2 b3 37. Nxf5 Rc7 38. Rd2 Nf6 39. d5 Ne4 40.
Rg2 Rc5 41. g4 Rxd5 42. Nd4 Rc5 43. h4 Nc3 44. Rg3 Nd1+ 45. Kb1 Rc3 46. g5 Nxe3 47. Nf5 Nd5 48. Rxc3 Nxc3+ 49. Kc1 Ne4 50. Nd4 Kg7 51. Nc6 Kg6 52. Ne5+ Kh5 53. Nxf7 Kxh4 54.
Kb2 Nxg5 55. Nd6 Ne6 56. Nc4 Kg3 57. Kc3 h5 58. Kb4 h4 59. Kxa4 h3 60. Nd2 b2 61.
Kb3 Kg2 62. Kxb2 h2 0-1

[Event "Late-Titled-Tuesday-Blitz-May-14-2024"]
[Site "Chess.com"]
[Date "2024.05.14"]
[Round "10"]
[White "Oleg_Papayan"]
[Black "A4RookA3"]
[Result "1-0"]
[WhiteElo "2616"]
[BlackElo "2439"]
[TimeControl "180+1"]
[EndTime "15:55:03 PDT"]
[Termination "Oleg_Papayan won by resignation"]

1. e4 c6 2. Nc3 d5 3. Nf3 Bg4 4. Qe2 e6 5. exd5 cxd5 6. Qb5+ Nd7 7. Qxb7 Bxf3 8. gxf3 Ngf6 9. Nb5 Rc8 10. d4 a5 11.
Bf4 Rxc2 12. Bc7 Bb4+ 13. Kd1 Rxc7 14. Qxc7 Qxc7 15. Nxc7+ Ke7 16. Nb5 Rb8 17. a3 Bd6 18.
Nxd6 Kxd6 19. Kc2 Nh5 20. b3 Nf4 21. a4 Rc8+ 22. Kb2 Nb8 23. Bb5 Nc6 24. Rac1 Rc7 25. Bxc6 Rxc6 26. Rxc6+ Kxc6 27. Rc1+ Kb6 28. Rc8 Ne2 29.
Rb8+ Ka6 30. Rf8 f5 31. Rf7 g6 32. Rxh7 Nxd4 33. f4 Ne2 34. Rh4 Kb6 35. Kc2 Kc5 36. Kd3 Nd4 37. Rh6 Nxb3 38. Rxg6 Kb4 39. h4 Kxa4 40.
h5 Kb4 41. h6 Nc5+ 42. Kd4 a4 43. h7 a3 44. h8=Q Nb3+ 45. Kd3 a2 46. Rg1 Nc5+ 47.
Kc2 Ne4 48. Qd4+ Kb5 49. Qb2+ Kc5 50. Qxa2 Nd6 51. Qa3+ Kc6 52. Kd3 Nc4 53. Rc1 Kb5 54.
Rxc4 dxc4+ 55. Kd4 e5+ 56. fxe5 c3 57. Qxc3 Kb6 58.
Qc5+ 1-0

[Event "Late-Titled-Tuesday-Blitz-May-14-2024"]
[Site "Chess.com"]
[Date "2024.05.14"]
[Round "10"]
[White "GiorgianBarbosa"]
[Black "Chessdude1987"]
[Result "0-1"]
[WhiteElo "2507"]
[BlackElo "2394"]
[TimeControl "180+1"]
[EndTime "15:55:03 PDT"]
[Termination "Chessdude1987 won on time"]

1. b3 e5 2. Bb2 Nc6 3. g3 h5 4.
Bg2 h4 5. gxh4 d5 6. Nf3 e4 7.
Nd4 Nxd4 8. Bxd4 c5 9. Bb2 Rxh4 10. d3 Rg4 11. Kf1 e3 12. fxe3 Rxg2 13. Kxg2 Qg5+ 14. Kf2 Qh4+ 15. Kf1 Bh3+ 16. Kg1 Qg4+ 17. Kf2 Qg2+ 18. Ke1 Qxh1+ 19. Kd2 Qxd1+ 20. Kxd1 O-O-O 21. Nd2 Bd6 22. Ke1 Bxh2 23. Kf2 Bd6 24. Bxg7 f6 25. Rh1 Be6 26. Rh8 Kc7 27. Nf3 Rd7 28. Bh6 Nxh6 29. Rxh6 Rf7 30.
c4 dxc4 31. bxc4 a6 32. Ke1 b5 33. cxb5 axb5 34. a3 Bd5 35. e4 Bc6 36. Kd2 Bf4+ 37. e3 Bxh6 38. Kc3 f5 39. d4 fxe4 40. Ne5 cxd4+ 41.
Kxd4 Bg7 42. a4 Re7 43. Kc5 Rxe5+ 44. Kb4 bxa4 45. Kc4 Rc5+ 46. Kb4 a3 47. Kxa3 Rc3+ 48. Kb2 Rxe3+ 49. Kc2 Rd3 50. Kc1 Kd6 51. Kb1 Rd2 52. Kc1 e3 53. Kb1 Kc5 54. Kc1 Kb4 55. Kb1 Kb3 0-1

[Event "Late-Titled-Tuesday-Blitz-May-14-2024"]
[Site "Chess.com"]
[Date "2024.05.14"]
[Round "10"]
[White "OK97"]
[Black "VelandiaSaurio"]
[Result "1/2-1/2"]
[WhiteElo "2854"]
[BlackElo "2640"]
[TimeControl "180+1"]
[EndTime "15:55:04 PDT"]
[Termination "Game drawn - insufficient material"]

1. d4 d5 2. Nf3 c6 3. c4 Nf6 4. Qb3 e6 5. Bg5 Be7 6. Nc3 Ne4 7. Bxe7 Qxe7 8. e3 f5 9. Be2 O-O 10. O-O Nd7 11. Rac1 Ndf6 12. Qc2 Ng4 13. h3 Nh6 14. Ne5 Nf7 15. Nd3 Bd7 16. Rfd1 dxc4 17. Nc5 Nxc5 18. dxc5 e5 19. Bxc4 Be6 20. Qb3 Bxc4 21. Qxc4 Rad8 22. b4 h6 23. a4 g5 24. b5 Kg7 25. bxc6 bxc6 26.
Rb1 e4 27. Ne2 Ne5 28. Qc3 Kg6 29. Nd4 Rd5 30. Rdc1 Nd3 31. Rc2 Rxc5 32. Qa3 Rf6 33. Rbc1 Nxc1 34. Qxc5 Qxc5 35. Rxc5 Nd3 36. Rxc6 f4 37.
Rxf6+ Kxf6 38. Nc6 a6 39. Nb8 Nc5 40. Nc6 Nxa4 41. Kf1 Nc3 42. Ke1 Nd5 43. Kd2 h5 44. exf4 gxf4 45. Kc2 h4 46. Kd2 Ke6 47. Nd4+ Ke5 48.
Nc6+ Kd6 49. Nd4 Kc5 50. Nf5 a5 51. Nxh4 a4 52. Kc2 e3 53. fxe3 fxe3 54. Nf3 Nb4+ 55. Kc3 Nd5+ 56. Kc2 Nf4 57. h4 e2 58. h5 Nxh5 59. g4 Nf4 60. g5 a3 61. Kb3 Ne6 62. Kxa3 Nxg5 63. Ne1 Kd4 64. Kb2 Ke3 65. Kc2 Nf3 66. Ng2+ Kf2 67. Nf4 Ne5 68. Nxe2 1/2-1/2

[Event "Late-Titled-Tuesday-Blitz-May-14-2024"]
[Site "Chess.com"]
[Date "2024.05.14"]
[Round "10"]
[White "Nor1lsk"]
[Black "nabukatnezarr"]
[Result "0-1"]
[WhiteElo "2770"]
[BlackElo "2639"]
[TimeControl "180+1"]
[EndTime "15:55:05 PDT"]
[Termination "nabukatnezarr won by resignation"]

1. e4 c5 2. d3 e6 3. g3 Nc6 4.
Bg2 d5 5. Nd2 Nf6 6. f4 Be7 7.
e5 Nd7 8. Ne2 g6 9. O-O h5 10.
Nf3 Qc7 11. c3 b6 12. Be3 Bb7 13. d4 O-O-O 14. a3 Ba6 15. Rf2 Bxe2 16. Qxe2 c4 17. h3 Na5 18. g4 hxg4 19. hxg4 Bh4 20. Nxh4 Rxh4 21. Rff1 Rdh8 22. Kf2 Qd8 23. Rh1 Rxh1 24. Rxh1 Rxh1 25. Bxh1 Qh4+ 26. Kg2 b5 27. Bf2 Qh6 28. Be3 Qh4 29. Bf2 Qh7 30. Kg1 Nb6 31. Bf3 Nb3 32. Kg2 Nc1 33. Qc2 Nd3 34. Bg3 Qh6 35. Qd2 g5 36. f5 Kd7 37. Be2 Nf4+ 38. Bxf4 gxf4 39. Kf3 Qh3+ 40. Kxf4 Qh6+ 41. g5 Qh2+ 42.
Kg4 Qg2+ 43. Kh4 exf5 44. Qe3 Ke7 45. Bh5 Qh2+ 46. Qh3 Qf4+ 47. Bg4 fxg4 48. Qxg4 Qxg4+ 49. Kxg4 Na4 50. Kf5 Nxb2 51. e6 Na4 52. exf7 Kxf7 53. Ke5 Nxc3 54. Kd6 a5 55. Kc5 Kg6 0-1

[Event "Late-Titled-Tuesday-Blitz-May-14-2024"]
[Site "Chess.com"]
[Date "2024.05.14"]
[Round "10"]
[White "MITerryble"]
[Black "Polish_fighter3000"]
[Result "0-1"]
[WhiteElo "3020"]
[BlackElo "3116"]
[TimeControl "180+1"]
[EndTime "15:55:06 PDT"]
[Termination "Polish_fighter3000 won by resignation"]

1. d4 Nf6 2. Bg5 c5 3. Bxf6 gxf6 4. d5 Qb6 5. Qc1 f5 6. c4 Bg7 7. Nc3 Qa5 8. e3 Bxc3+ 9. bxc3 d6 10. Nf3 Nd7 11. Nd2 Rg8 12. g3 Nf6 13. Be2 e5 14. Rb1 Qc7 15. Qc2 Bd7 16. Bd3 e4 17. Be2 O-O-O 18.
Nb3 Kb8 19. Qb2 Bc8 20. Nc1 Nd7 21. Nb3 Ne5 22. Nd2 Qe7 23. a4 Rg6 24. a5 Rdg8 25. Kd1 Rh6 26. h4 Nd3 27. Bxd3 exd3 28. Kc1 f4 29.
exf4 Re8 30. Rd1 Rg6 31. Qb5 Qe2 32. Rb2 Rgg8 33. Nb1 Qf3 34. a6 Re2 35. Nd2 Qxf2 36.
Qc6 b6 37. Qxd6+ Ka8 38. Qc6+ Kb8 39. Qd6+ Ka8 40. Qc7 Bxa6 41. Ra2 Rc8 42. Qd7 Re1 43. Rxa6 Rxd1+ 44. Kxd1 Qe2+ 45. Kc1 Qe1+ 46. Kb2 Qxd2+ 47. Kb3 Qc2+ 48. Ka3 Qxc3+ 49. Ka2 Qxc4+ 50. Kb2 Qxa6 51. d6 c4 52. Qf5 c3+ 53. Kb3 Qc4+ 54. Ka3 Qc5+ 55. Kb3 Qxf5 0-1

[Event "Late-Titled-Tuesday-Blitz-May-14-2024"]
[Site "Chess.com"]
[Date "2024.05.14"]
[Round "10"]
[White "1g60-1"]
[Black "ChadBiryani"]
[Result "1-0"]
[WhiteElo "2432"]
[BlackElo "2534"]
[TimeControl "180+1"]
[EndTime "15:55:06 PDT"]
[Termination "1g60-1 won by resignation"]

1. Nf3 d5 2. e3 Nc6 3. c4 Nf6 4.
Nc3 e5 5. cxd5 Nxd5 6. Bc4 Be6 7. Qb3 Na5 8. Qa4+ c6 9. Bxd5 Bxd5 10. Nxd5 Qxd5 11.
O-O e4 12. Nd4 Bd6 13. f3 Nc4 14. fxe4 Qh5 15. Qxc4 Qxh2+ 16. Kf2 Bg3+ 17. Ke2 Qxg2+ 18. Kd1 O-O 19. Qe2 Qxe4 20. Qf3 Qe5 21. Nf5 Bh2 22. d4 Qc7 23. Rh1 g6 24. Nh6+ Kg7 25. Ng4 f5 26. Nxh2 Rad8 27. Bd2 Rfe8 28. Qf4 Qf7 29. Nf3 Re4 30. Qh6+ Kg8 31. Ng5 Qe7 32. Nxe4 fxe4 33. Rf1 c5 34. Bc3 b5 35. a3 b4 36.
axb4 cxb4 37. Rc1 a5 38. Qf4 Qd7 39. Qe5 Re8 40. Qc5 bxc3 41. Qc4+ Kg7 42. Qxc3 Qg4+ 43. Ke1 Qg3+ 44. Rf2 Qg1+ 45. Ke2 Qg4+ 46. Kd2 Re7 47.
Qc5 h5 48. Qxe7+ Kh6 49. Qf8+ Kg5 50. Qf4+ Qxf4 51. exf4+ Kg4 52. d5 h4 53. Ke3 Kg3 54.
d6 h3 55. d7 g5 56. fxg5 h2 57. Rxh2 a4 58. Kxe4 a3 59. bxa3 Kxh2 60. Ke5 Kg3 61. Ke6 Kf4 62. d8=Q Ke3 63. Kd7 1-0

[Event "Late-Titled-Tuesday-Blitz-May-14-2024"]
[Site "Chess.com"]
[Date "2024.05.14"]
[Round "10"]
[White "TheBigBadChessDad"]
[Black "protectiago"]
[Result "1/2-1/2"]
[WhiteElo "2272"]
[BlackElo "2083"]
[TimeControl "180+1"]
[EndTime "15:55:06 PDT"]
[Termination "Game drawn by repetition"]

1. e4 e5 2. Nf3 Nc6 3. Nc3 Nf6 4.
Bb5 Bc5 5. d3 d6 6. Bg5 h6 7.
Bxf6 Qxf6 8. Nd5 Qd8 9. b4 Bb6 10. a4 O-O 11. a5 Nd4 12. Nxd4 Bxd4 13. c3 c6 14. cxd4 cxd5 15. dxe5 dxe5 16. O-O a6 17.
Ba4 Be6 18. Bb3 Qd6 19. Rb1 Rfd8 20. Qe2 d4 21. Bxe6 Qxe6 22. f4 exf4 23. Rxf4 Rac8 24.
Rbf1 Rd7 25. Qh5 Qb3 26. R4f3 Rc6 27. h3 Rg6 28. Kh2 Rg5 29. Qh4 Qxb4 30. Rf5 Rxf5 31.
Rxf5 Qd6+ 32. e5 Qe6 33. Qe4 Rd5 34. h4 g6 35. Rf4 Qxe5 36. Qf3 Rd6 37. g3 Rd7 38.
Rf6 Qe7 39. h5 Kg7 40. Rb6 Rd5 41. hxg6 Rg5 42. Qxf7+ Qxf7 43. gxf7 Rxa5 44. Rxb7 Kf8 45. Rd7 Ra3 46. Rxd4 Kxf7 47. Kh3 a5 48. Kg4 a4 49. Kf5 Ra2 50. Rd7+ Ke8 51. Ra7 a3 52. Ke6 Kd8 53.
d4 Kc8 54. d5 Kb8 55. Ra4 Re2+ 56. Kd7 a2 57. d6 Kb7 58. Kd8 Kc6 59. d7 Rd2 60. Ra6+ Kb7 61. Ra3 Kc6 62. Rc3+ Kb5 63. Ra3 Kb4 64. Ra8 Kb3 65. Kc7 Rc2+ 66. Kd6 Rd2+ 67. Ke7 Re2+ 68. Kf7 Rd2 69. Ke6 Re2+ 70. Kf7 Rd2 71. Ke6 Re2+ 72. Kf7 1/2-1/2

[Event "Late-Titled-Tuesday-Blitz-May-14-2024"]
[Site "Chess.com"]
[Date "2024.05.14"]
[Round "10"]
[White "cthulhuuu"]
[Black "ChessSwole"]
[Result "1-0"]
[WhiteElo "2492"]
[BlackElo "2606"]
[TimeControl "180+1"]
[EndTime "15:55:07 PDT"]
[Termination "cthulhuuu won by checkmate"]

1. e4 c5 2. Nf3 e6 3. d3 Nc6 4. g3 g6 5. Bg2 Bg7 6. O-O d6 7. c3 Nge7 8. d4 cxd4 9. cxd4 d5 10. e5 h6 11. Nc3 Nf5 12. g4 Nh4 13. Nxh4 Qxh4 14. Nb5 O-O 15. Nd6 Bd7 16. Nxb7 h5 17. Nc5 Bc8 18. h3 hxg4 19. hxg4 f5 20. Bf3 Nxe5 21.
dxe5 Bxe5 22. Re1 Qh2+ 23. Kf1 fxg4 24. Bg2 g3 25. f3 Bd6 26. Nd3 Ba6 27. Rxe6 Bc5 28.
Be3 Bxe3 29. Rxe3 Rae8 30. Qe2 Bb5 31. Rd1 d4 32. Re6 Bc4 33. Rxe8 Rxe8 34. Qxe8+ Kg7 35.
Qe7+ Kh6 36. Qf8+ Kh7 37. Qe7+ Kh6 38. Qf8+ Kh7 39. Qf4 Bxa2 40. Qg4 Kg7 41. Qd7+ Kg8 42. Qc8+ Kg7 43. Qc7+ Kg8 44. Qb8+ Kg7 45. Qxa7+ Bf7 46. Qxd4+ Kg8 47. Qg4 Qh6 48. Qc8+ Kg7 49. Qc3+ Kg8 50. Qc8+ Kg7 51. Qh3 Qe3 52. Qxg3 Bc4 53. Qc7+ Bf7 54. Qc3+ Kg8 55. Ne5 Qh6 56. Rd8+ Kh7 57. Nxf7 Qg7 58. Rh8+ Qxh8 59. Qxh8# 1-0

[Event "Late-Titled-Tuesday-Blitz-May-14-2024"]
[Site "Chess.com"]
[Date "2024.05.14"]
[Round "10"]
[White "NajdorfPlayerc5"]
[Black "subham777"]
[Result "1-0"]
[WhiteElo "2417"]
[BlackElo "2520"]
[TimeControl "180+1"]
[EndTime "15:55:07 PDT"]
[Termination "NajdorfPlayerc5 won on time"]

1. e4 e6 2. d4 d5 3. Nc3 Nf6 4. e5 Nfd7 5. f4 c5 6. Nf3 Nc6 7. Be3 a6 8. Qd2 Be7 9. Be2 b5 10. Nd1 Qb6 11. O-O g6 12. dxc5 Bxc5 13. c3 Bb7 14.
Bxc5 Nxc5 15. Qe3 h6 16. Nf2 Ne7 17. Nd3 Rc8 18. Nxc5 Qxc5 19. Qxc5 Rxc5 20. Nd4 Kd7 21. Kf2 Rhc8 22. a4 Nf5 23. axb5 axb5 24. Bxb5+ Kc7 25.
Nxf5 gxf5 26. Bd3 Kb6 27. Rfc1 d4 28. c4 Be4 29. b4 Bxd3 30. bxc5+ Rxc5 31. Rd1 Bxc4 32.
Rxd4 Bd5 33. Rb4+ Kc7 34. Ra7+ Kc8 35. Rb2 Rc4 36. g3 Rc1 37. Rxf7 Rh1 38. Ke3 Re1+ 39. Kd4 Rc1 40. Rh7 h5 41. Rxh5 Kd7 42. Rb6 Rd1+ 43. Ke3 Kc7 44. Rd6 Re1+ 45. Kd2 Ra1 46. Rh7+ Kc8 47.
h4 Ra2+ 48. Ke3 Ra3+ 49. Kd4 Rxg3 50. h5 Rg4 51. h6 Rxf4+ 52. Kc5 Rc4+ 53. Kb5 Rh4 54. Rh8+ Kc7 55. h7 f4 56. Rdd8 Bc6+ 57. Kc5 1-0

[Event "Late-Titled-Tuesday-Blitz-May-14-2024"]
[Site "Chess.com"]
[Date "2024.05.14"]
[Round "10"]
[White "GelmanAlexander"]
[Black "StoreySniper"]
[Result "0-1"]
[WhiteElo "2686"]
[BlackElo "2566"]
[TimeControl "180+1"]
[EndTime "15:55:08 PDT"]
[Termination "StoreySniper won on time"]

1. c4 g6 2. Nf3 Bg7 3. e3 c5 4.
d3 e6 5. Be2 Ne7 6. a3 d5 7.
Nbd2 Nbc6 8. O-O O-O 9. cxd5 exd5 10. Re1 b6 11. Qc2 Bb7 12. Nf1 d4 13. e4 h6 14. Ng3 a5 15. Bd2 Qd6 16. h4 Rfc8 17. Rac1 Ne5 18. Qb3 a4 19. Qa2 Ba6 20. Nxe5 Bxe5 21.
Nf1 Bf4 22. g3 Bxd2 23. Nxd2 Nc6 24. f4 g5 25. e5 Qg6 26. hxg5 hxg5 27. Kf2 Ne7 28.
Ne4 Kg7 29. Rh1 Rh8 30. Nxg5 Bb7 31. Bf3 Bxf3 32. Nxf3 Nf5 33. Ng5 Nxg3 34. Kxg3 Qxd3+ 35. Kg4 Qe2+ 36. Kg3 Qe3+ 37. Kg4 Qe2+ 38. Kg3 c4 39. Nf3 Rag8 40. Rxh8 Kxh8+ 41. Ng5 Qe3+ 42. Kg4 Qxc1 43.
b4 Qg1+ 44. Kf5 Rxg5+ 45. fxg5 Qf1+ 46. Ke4 Qd3+ 47. Kd5 Kg7 48. Qxc4 Qxa3 49. Qxd4 Qb3+ 50. Kd6 Qe6+ 51. Kc7 a3 52. b5 a2 53. Kb7 Qe7+ 54.
Kxb6 Qe6+ 55. Ka7 Qb3 0-1